 Dungeon Sprint DCSS version 0.21.1-1-g345015f (webtiles) character file.

5022 Mgcat the Grappler (level 10, -21/83 HPs)
             Began as a Gnoll Transmuter on Feb 8, 2018.
             Was an Elder of Zin.
             Demolished by Visogilur the pandemonium lord (32 damage)
             ... in the Dungeon (Sprint V: "Ziggurat Sprint").
             The game lasted 00:10:59 (871 turns).

Mgcat the Grappler (Gnoll Transmuter)                Turns: 871, Time: 00:11:00

Health: -21/83     AC: 32    Str: 26    XL:     10   Next: 55%
Magic:  19/19      EV:  5    Int: 20    God:    Zin [****..]
Gold:   0          SH: 31    Dex: 23    Spells: 28/29 levels left

rFire    + . .     SeeInvis .   a - +8 lance "Wyrmbane" {slay drac, rPois rF+ rC+ AC+3}
rCold    + . .     Gourm    .   J - +18 shield of the Gong {rElec rN+ MR+ EV-5}
rNeg     + . .     Faith    .   I - +15 Maxwell's patent armour {-Cast -Tele rElec MR+ rCorr}
rPois    ∞         Spirit   .   (no helmet)
rElec    +         Reflect  .   (no cloak)
rCorr    +         Harm     .   (no gloves)
MR       ++...     Clarity  +   (no boots) Stlth ..........NoTele +
                                (no amulet)
HPRegen  0.23/turn NoCast   +   w - +6 ring of dexterity
MPRegen  0.16/turn              A - +6 ring of strength

@: vitalised, berserk cooldown, slowed, constricted, very slow
A: distributed training, fangs 1, blurry vision 1, clarity, clumsy 1,
deterioration 1, low mp 2, strong nose
a: Recite, Vitalisation, Imprison, Donate Gold, Renounce Religion


You were in the Dungeon.
You worshipped Zin.
Zin was greatly pleased with you.
You were not hungry.

You visited 1 branch

Inventory:

Hand Weapons
 a - the +8 lance "Wyrmbane" (weapon) {slay drac, rPois rF+ rC+ AC+3}
   (You found it in the Dungeon)

   It affects your AC (+3).
   It protects you from fire.
   It protects you from cold.
   It protects you from poison.
 b - the +9 heavy crossbow "Sniper" {velocity, Acc+∞ SInv}
   (You found it in the Dungeon)

   Any bolt fired from it inflicts extra damage.
   It lets you see invisible.
Missiles
 M - 1012 arrows
 N - 1000 bolts
Armour
 I - the +15 Maxwell's patent armour (worn) {-Cast -Tele rElec MR+ rCorr}
   (You found it in the Dungeon)

   It insulates you from electricity.
   It affects your resistance to hostile enchantments.
   It prevents spellcasting.
   It prevents most forms of teleportation.
   It protects you from acid and corrosion.
 J - the +18 shield of the Gong (worn) {rElec rN+ MR+ EV-5}
   (You found it in the Dungeon)

   It affects your evasion (-5).
   It insulates you from electricity.
   It protects you from negative energy.
   It affects your resistance to hostile enchantments.
 K - +5 gold dragon scales
   (You found it in the Dungeon)
Jewellery
 w - a +6 ring of dexterity (left hand)
   (You found it in the Dungeon)
 A - a +6 ring of strength (right hand)
   (You found it in the Dungeon)
Wands
 F - a wand of disintegration (7)
   (You found it in the Dungeon)
 G - a wand of iceblast (7)
   (You found it in the Dungeon)
 H - a wand of acid (7)
   (You found it in the Dungeon)
Scrolls
 j - 4 scrolls of blinking {!r}
 q - 4 scrolls of amnesia
 r - 7 scrolls of fog
 s - a scroll of holy word {!r}
 t - 5 scrolls of identify
 u - 5 scrolls of remove curse
 v - 2 scrolls of fear
Potions
 e - 10 potions of curing
 f - 3 potions of heal wounds
 g - 6 potions of haste
 h - 7 potions of magic
 i - 2 potions of berserk rage {!q}
 k - 2 potions of brilliance
 l - 2 potions of invisibility
 m - 4 potions of resistance
 n - a potion of experience
 o - 5 potions of agility
 p - 7 potions of might
Books
 c - a book of Changes
 x - a book of Spatial Translocations
   (You found it in the Dungeon)
Miscellaneous
 C - a lightning rod (4/4)
   (You found it in the Dungeon)
 E - a crystal ball of energy
   (You found it in the Dungeon)
Comestibles
 d - 7 rations
 z - a chunk of flesh {@w0}


   Skills:
 + Level 9.3 Fighting
 + Level 9.0 Short Blades
 + Level 9.0 Long Blades
 + Level 9.0 Axes
 + Level 9.0 Maces & Flails
 + Level 9.0 Polearms
 + Level 9.0 Staves
 + Level 9.0 Slings
 + Level 9.0 Bows
 + Level 9.0 Crossbows
 + Level 9.0 Throwing
 + Level 9.0 Armour
 + Level 10.0 Dodging
 + Level 9.0 Stealth
 + Level 9.0 Shields
 + Level 11.0 Unarmed Combat
 + Level 10.2 Spellcasting
 + Level 7.5 Conjurations
 + Level 7.5 Hexes
 + Level 7.5 Charms
 + Level 7.5 Summonings
 + Level 7.5 Necromancy
 + Level 7.5 Translocations
 + Level 8.5 Transmutations
 + Level 7.5 Fire Magic
 + Level 7.5 Ice Magic
 + Level 7.5 Air Magic
 + Level 7.5 Earth Magic
 + Level 7.5 Poison Magic
 + Level 9.8 Invocations
 + Level 9.0 Evocations


You had 28 spell levels left.
You knew the following spells:

 Your Spells              Type           Power        Failure   Level  Hunger
a - Beastly Appendage     Tmut           #####.       4%          1    None


Dungeon Overview and Level Annotations

Branches:
Dungeon (1/1)

Altars:
Ashenzari
Cheibriados
Dithmenos
Elyvilon
Fedhas
Gozag
Hepliaklqana
Kikubaaqudgha
Makhleb
Nemelex Xobeh
Okawaru
Qazlal
Ru
Sif Muna
Trog
Uskayaw
Vehumet
Wu Jian
Xom
Yredelemnul
Zin
The Shining One
Beogh
Jiyva
Lugonu


Innate Abilities, Weirdness & Mutations

Your experience applies equally to all skills.
You have very sharp teeth.
Your uncanny sense of smell can sniff out nearby items.
Scrolls take you a little longer to read.
You possess an exceptional clarity of mind.
You are clumsy. (Dex -2)
Your body sometimes deteriorates upon taking damage.
Your magical capacity is very low. (-20% MP)


Message History

The tentacled monstrosity tentacle-slaps you but does no damage.
The tentacled monstrosity constricts you.
You puncture the tentacled monstrosity! You bite the tentacled monstrosity.
The tentacled monstrosity is almost dead.
Huic hits you.
* * * LOW HITPOINT WARNING * * *
You barely miss the tentacled monstrosity.
You bite the tentacled monstrosity!
The tentacled monstrosity is almost dead.
The tentacled monstrosity tentacle-slaps you!
* * * LOW HITPOINT WARNING * * *
You block the tentacled monstrosity's attack.
BONNNG!
You block the tentacled monstrosity's attack.
BONNNG!
The crimson imp hits you but does no damage.
You block the tentacled monstrosity's attack.
BOUMMMMG!
The tentacled monstrosity tentacle-slaps you but does no damage. x2
* * * LOW HITPOINT WARNING * * *
The tentacled monstrosity constricts you!
You are too berserk!
You are too berserk!
You are too berserk!
You are too berserk!
You are too berserk!
You are too berserk!
You hit the tentacled monstrosity.
You kill the tentacled monstrosity!
Huic hits you but does no damage.
You hit Visogilur but do no damage.
Visogilur is moderately wounded.
You block the crimson imp's attack.
PTOANNNG!
Visogilur sneers, "Begone whilst thy luck holds!"
You block Visogilur's attack.
PANG!
You block the tentacled monstrosity's attack.
GONNNNG!
The tentacled monstrosity tentacle-slaps you but does no damage.
You block the tentacled monstrosity's attack.
GONNNNG!
The tentacled monstrosity constricts you.
Unknown command.
Unknown command.
Unknown command.
Unknown command.
Unknown command.
Unknown command.
Unknown command.
Unknown command.
Unknown command.
Unknown command.
You closely miss Visogilur. You bite Visogilur, but do no damage.
Visogilur is moderately wounded.
The large abomination is no longer petrified.
Unknown command.
Unknown command.
You impale Visogilur!!
Visogilur is heavily wounded.
Huic hits you.
* * * LOW HITPOINT WARNING * * *
Visogilur gestures at you. The iron shot hits you! Zin protects you from harm!
Unknown command.
Unknown command.
You impale Visogilur!! You bite Visogilur, but do no damage.
Visogilur is severely wounded.
You are no longer berserk.
You are exhausted.
You feel yourself slow down.
You block the tentacled monstrosity's attack.
GONNNNG!
You block the tentacled monstrosity's attack.
PTOANNNG!
You block the tentacled monstrosity's attack.
GONNNNG!
* * * LOW HITPOINT WARNING * * *
The tentacled monstrosity constricts you!
The large abomination barely misses you.
The crimson imp hits you but does no damage.
You block Visogilur's attack.
GONNNNG!
Wield which item (- for none, * to show all)? (? for menu, Esc to quit)
Okay, then.
You feel much better. You block Huic's attack.
GONNNNG!
You block Visogilur's attack.
SHROANNG!
The tentacled monstrosity tentacle-slaps you but does no damage. x3
The tentacled monstrosity constricts you.
You block the crimson imp's attack.
BONNNG!
The large abomination hits you. Huic gestures at you.
The bolt of energy hits you!
* * * LOW HITPOINT WARNING * * *
Visogilur hits you!!
You die...

▓..8©8..▓
▓..|.[|[..▓..)})..▓
▓...:")...▓..})...▓
▓.........▓.......▓
▓.........▓.......▓
▓...5.....▓.......▓
▓...4XXX..▓...†...▓
▓.▓.X5X&▓.▓.......▓
▓...XX@&..▓...©...▓
▓▓▓▓▓▓▓▓▓▓▓▓▓▓▓▓▓▓▓
∆∆∆∆∆ ∆∆∆∆∆ ∆∆∆∆∆
∆∆∆∆


You could see Huic, Visogilur, a tentacled monstrosity, 6 large abominations, an
ice devil, a crimson imp and an ufetubus.

Vanquished Creatures
  2 ugly things (D)
  2 shining eyes (D)
  2 draconians (D)
  An ice devil (D)
  A slime creature (D)
  3 spriggans (D)
  A tarantella (D)
  3 neqoxecs (D)
  A yak (D)
  A chaos spawn (D)
  A soldier ant (shapeshifter) (D)
  2 porcupines (D)
  A phantom (D)
  2 eyes of draining (D)
  3 wolves (D)
  3 scorpions (D)
  A crimson imp (D)
  2 jellies (D)
  An iguana (D)
  A river rat (D)
  2 white imps (D)
  An ufetubus (D)
  An adder skeleton (D)
  A bat skeleton (D)
  A leopard gecko skeleton (D)
40 creatures vanquished.

Notes
Turn   | Place    | Note
-------+----------+-------------------------------------------
     0 | D        | Found the +7 great mace "Firestarter" {inner flame, rF++}
     0 | D        | Mgcat the Gnoll Transmuter began the quest for the Orb.
     0 | D        | Reached XP level 1. HP: 17/17 MP: 6/6
     0 | D        | Found a deep blue altar of Sif Muna.
     0 | D        | Found a sacrificial altar of Ru.
     0 | D        | Found a bloodstained altar of Trog.
     0 | D        | Found a stormy altar of Qazlal.
     0 | D        | Found an iron altar of Okawaru.
     0 | D        | Found a sparkling altar of Nemelex Xobeh.
     0 | D        | Found a blossoming altar of Fedhas.
     2 | D        | Found a transporter.
     2 | D        | Found an ancient bone altar of Kikubaaqudgha.
     2 | D        | Found a viscous altar of Jiyva.
     2 | D        | Found a corrupted altar of Lugonu.
     2 | D        | Found a hazy altar of Hepliaklqana.
     2 | D        | Found a burning altar of Makhleb.
     2 | D        | Found an opulent altar of Gozag.
    23 | D        | Found the +9 heavy crossbow "Sniper" {velocity, Acc+∞ SInv}
    23 | D        | Found the +10 dark maul {crush}
    23 | D        | Found the +15 Maxwell's patent armour {-Cast -Tele rElec MR+ rCorr}
    23 | D        | Found the +18 shield of the Gong {rElec rN+ MR+ EV-5}
    23 | D        | Found the cursed +14 obsidian axe {chop, +Fly SInv *Curse}
    25 | D        | Found the +6 shillelagh "Devastator" {shatter}
    25 | D        | Found the +11 plutonium sword {*Contam Stlth-}
    25 | D        | Found the +8 lance "Wyrmbane" {slay drac, rPois rF+ rC+ AC+3}
    25 | D        | Found the +9 sword of Zonguldrok {reap}
    25 | D        | Found the cursed +13 scythe of Curses {drain, *Curse}
    25 | D        | Found the +0 sword of Power
    25 | D        | Found the -2 mace of Variability {chaos}
    25 | D        | Found the +7 Singing Sword
    25 | D        | Found the +7 longbow "Piercer" {penet, EV-2}
   134 | D        | Became a worshipper of Zin the Law-Giver
   208 | D        | Entered arena 2.
   208 | D        | Noticed a draconian
   208 | D        | Noticed a draconian
   208 | D        | Found a transporter.
   221 | D        | HP: 4/17 [draconian/uncursed staff of earth (8)]
   222 | D        | Killed a draconian
   222 | D        | Reached skill level 5 in Fighting
   222 | D        | Reached skill level 4 in Short Blades
   222 | D        | Reached skill level 4 in Long Blades
   222 | D        | Reached skill level 4 in Axes
   222 | D        | Reached skill level 4 in Maces & Flails
   222 | D        | Reached skill level 4 in Polearms
   222 | D        | Reached skill level 4 in Staves
   222 | D        | Reached skill level 4 in Slings
   222 | D        | Reached skill level 4 in Bows
   222 | D        | Reached skill level 4 in Crossbows
   222 | D        | Reached skill level 4 in Throwing
   222 | D        | Reached skill level 4 in Armour
   222 | D        | Reached skill level 6 in Dodging
   222 | D        | Reached skill level 4 in Stealth
   222 | D        | Reached skill level 4 in Shields
   222 | D        | Reached skill level 8 in Unarmed Combat
   222 | D        | Reached skill level 7 in Spellcasting
   222 | D        | Reached skill level 3 in Conjurations
   222 | D        | Reached skill level 3 in Hexes
   222 | D        | Reached skill level 3 in Charms
   222 | D        | Reached skill level 3 in Summonings
   222 | D        | Reached skill level 3 in Necromancy
   222 | D        | Reached skill level 3 in Translocations
   222 | D        | Reached skill level 5 in Transmutations
   222 | D        | Reached skill level 3 in Fire Magic
   222 | D        | Reached skill level 3 in Ice Magic
   222 | D        | Reached skill level 3 in Air Magic
   222 | D        | Reached skill level 3 in Earth Magic
   222 | D        | Reached skill level 3 in Poison Magic
   222 | D        | Reached skill level 5 in Invocations
   222 | D        | Reached skill level 4 in Evocations
   222 | D        | Reached XP level 2. HP: 6/27 MP: 7/10
   222 | D        | Reached XP level 3. HP: 8/33 MP: 7/11
   222 | D        | Reached XP level 4. HP: 9/39 MP: 8/13
   222 | D        | Reached XP level 5. HP: 10/44 MP: 8/14
   222 | D        | Reached XP level 6. HP: 12/51 MP: 9/16
   239 | D        | Killed a draconian
   239 | D        | Reached skill level 6 in Fighting
   239 | D        | Reached skill level 5 in Short Blades
   239 | D        | Reached skill level 5 in Long Blades
   239 | D        | Reached skill level 5 in Axes
   239 | D        | Reached skill level 5 in Maces & Flails
   239 | D        | Reached skill level 5 in Polearms
   239 | D        | Reached skill level 5 in Staves
   239 | D        | Reached skill level 5 in Slings
   239 | D        | Reached skill level 5 in Bows
   239 | D        | Reached skill level 5 in Crossbows
   239 | D        | Reached skill level 5 in Throwing
   239 | D        | Reached skill level 5 in Armour
   239 | D        | Reached skill level 7 in Dodging
   239 | D        | Reached skill level 5 in Stealth
   239 | D        | Reached skill level 5 in Shields
   239 | D        | Reached skill level 4 in Conjurations
   239 | D        | Reached skill level 4 in Hexes
   239 | D        | Reached skill level 4 in Charms
   239 | D        | Reached skill level 4 in Summonings
   239 | D        | Reached skill level 4 in Necromancy
   239 | D        | Reached skill level 4 in Translocations
   239 | D        | Reached skill level 6 in Transmutations
   239 | D        | Reached skill level 4 in Fire Magic
   239 | D        | Reached skill level 4 in Ice Magic
   239 | D        | Reached skill level 4 in Air Magic
   239 | D        | Reached skill level 4 in Earth Magic
   239 | D        | Reached skill level 4 in Poison Magic
   239 | D        | Reached skill level 6 in Invocations
   239 | D        | Reached skill level 5 in Evocations
   239 | D        | Reached XP level 7. HP: 41/59 MP: 12/18
   250 | D        | Got the ring "Poam" {MR- MP+9 Str+3 Stlth+}
   331 | D        | Entered arena 3.
   331 | D        | Found a transporter.
   332 | D        | Found the +6 Majin-Bo {vamp, Archmagi MP+6 Int+6}
   344 | D        | Entered arena 4.
   344 | D        | Found a transporter.
   351 | D        | Reached * piety under Zin
   359 | D        | Reached XP level 8. HP: 65/65 MP: 19/19
   367 | D        | Entered arena 5.
   367 | D        | Noticed a tarantella
   367 | D        | Found a transporter.
   368 | D        | Found the +4 arc blade {discharge, rElec}
   375 | D        | Killed a tarantella
   375 | D        | Reached skill level 6 in Short Blades
   375 | D        | Reached skill level 6 in Long Blades
   375 | D        | Reached skill level 6 in Axes
   375 | D        | Reached skill level 6 in Maces & Flails
   375 | D        | Reached skill level 6 in Polearms
   375 | D        | Reached skill level 6 in Staves
   375 | D        | Reached skill level 6 in Slings
   375 | D        | Reached skill level 6 in Bows
   375 | D        | Reached skill level 6 in Crossbows
   375 | D        | Reached skill level 6 in Throwing
   375 | D        | Reached skill level 6 in Armour
   375 | D        | Reached skill level 6 in Stealth
   375 | D        | Reached skill level 6 in Shields
   375 | D        | Reached skill level 9 in Unarmed Combat
   375 | D        | Reached skill level 8 in Spellcasting
   375 | D        | Reached skill level 5 in Conjurations
   375 | D        | Reached skill level 5 in Hexes
   375 | D        | Reached skill level 5 in Charms
   375 | D        | Reached skill level 5 in Summonings
   375 | D        | Reached skill level 5 in Necromancy
   375 | D        | Reached skill level 5 in Translocations
   375 | D        | Reached skill level 5 in Fire Magic
   375 | D        | Reached skill level 5 in Ice Magic
   375 | D        | Reached skill level 5 in Air Magic
   375 | D        | Reached skill level 5 in Earth Magic
   375 | D        | Reached skill level 5 in Poison Magic
   375 | D        | Reached skill level 6 in Evocations
   403 | D        | Entered arena 6.
   403 | D        | Noticed a spriggan
   403 | D        | Noticed a spriggan
   403 | D        | Noticed a spriggan
   403 | D        | Found a transporter.
   409 | D        | Reached skill level 7 in Fighting
   409 | D        | Reached skill level 8 in Dodging
   409 | D        | Reached skill level 7 in Invocations
   423 | D        | Killed a spriggan
   432 | D        | Killed a spriggan
   437 | D        | Killed a spriggan
   437 | D        | Reached skill level 7 in Short Blades
   437 | D        | Reached skill level 7 in Long Blades
   437 | D        | Reached skill level 7 in Axes
   437 | D        | Reached skill level 7 in Maces & Flails
   437 | D        | Reached skill level 7 in Polearms
   437 | D        | Reached skill level 7 in Staves
   437 | D        | Reached skill level 7 in Slings
   437 | D        | Reached skill level 7 in Bows
   437 | D        | Reached skill level 7 in Crossbows
   437 | D        | Reached skill level 7 in Throwing
   437 | D        | Reached skill level 7 in Armour
   437 | D        | Reached skill level 7 in Stealth
   437 | D        | Reached skill level 7 in Shields
   437 | D        | Reached skill level 7 in Transmutations
   437 | D        | Reached skill level 7 in Evocations
   437 | D        | Reached XP level 9. HP: 62/72 MP: 21/21
   462 | D        | Entered arena 7.
   462 | D        | Noticed a shining eye
   463 | D        | Found the +4 moon troll leather armour {Spirit, Regen++ MP+5}
   463 | D        | Found a transporter.
   473 | D        | Reached skill level 6 in Conjurations
   473 | D        | Reached skill level 6 in Hexes
   473 | D        | Reached skill level 6 in Charms
   473 | D        | Reached skill level 6 in Summonings
   473 | D        | Reached skill level 6 in Necromancy
   473 | D        | Reached skill level 6 in Translocations
   473 | D        | Reached skill level 6 in Fire Magic
   473 | D        | Reached skill level 6 in Ice Magic
   473 | D        | Reached skill level 6 in Air Magic
   473 | D        | Reached skill level 6 in Earth Magic
   473 | D        | Reached skill level 6 in Poison Magic
   479 | D        | Killed a shining eye
   479 | D        | Reached skill level 8 in Fighting
   479 | D        | Reached skill level 10 in Unarmed Combat
   479 | D        | Reached skill level 9 in Spellcasting
   479 | D        | Reached skill level 8 in Invocations
   484 | D        | Reached skill level 9 in Dodging
   603 | D        | Entered arena 8.
   604 | D        | Found a transporter.
   621 | D        | Reached skill level 8 in Short Blades
   621 | D        | Reached skill level 8 in Long Blades
   621 | D        | Reached skill level 8 in Axes
   621 | D        | Reached skill level 8 in Maces & Flails
   621 | D        | Reached skill level 8 in Polearms
   621 | D        | Reached skill level 8 in Staves
   621 | D        | Reached skill level 8 in Slings
   621 | D        | Reached skill level 8 in Bows
   621 | D        | Reached skill level 8 in Crossbows
   621 | D        | Reached skill level 8 in Throwing
   621 | D        | Reached skill level 8 in Armour
   621 | D        | Reached skill level 8 in Stealth
   621 | D        | Reached skill level 8 in Shields
   621 | D        | Reached skill level 8 in Evocations
   757 | D        | Entered arena 9.
   757 | D        | Noticed a green ugly thing
   757 | D        | Noticed a white ugly thing
   757 | D        | Noticed a shining eye
   759 | D        | Found a transporter.
   764 | D        | Gained mutation: You possess an exceptional clarity of mind. [a shining eye]
   769 | D        | Reached ** piety under Zin
   772 | D        | Gained mutation: Your body sometimes deteriorates upon taking damage. [a shining eye]
   775 | D        | Killed a red ugly thing
   775 | D        | Reached skill level 9 in Invocations
   775 | D        | Reached XP level 10. HP: 82/82 MP: 23/23
   783 | D        | Killed a white ugly thing
   783 | D        | Reached skill level 7 in Conjurations
   783 | D        | Reached skill level 7 in Hexes
   783 | D        | Reached skill level 7 in Charms
   783 | D        | Reached skill level 7 in Summonings
   783 | D        | Reached skill level 7 in Necromancy
   783 | D        | Reached skill level 7 in Translocations
   783 | D        | Reached skill level 8 in Transmutations
   783 | D        | Reached skill level 7 in Fire Magic
   783 | D        | Reached skill level 7 in Ice Magic
   783 | D        | Reached skill level 7 in Air Magic
   783 | D        | Reached skill level 7 in Earth Magic
   783 | D        | Reached skill level 7 in Poison Magic
   785 | D        | Gained mutation: Scrolls take you a little longer to read. [a neqoxec]
   787 | D        | Gained mutation: Your magical capacity is low. (-10% MP) [a shining eye]
   789 | D        | Gained mutation: Your magical capacity is very low. (-20% MP) [a neqoxec]
   791 | D        | Killed a shining eye
   791 | D        | Reached skill level 9 in Fighting
   791 | D        | Reached skill level 10 in Spellcasting
   794 | D        | Gained mutation: You are clumsy. (Dex -2) [a neqoxec]
   797 | D        | Reached *** piety under Zin
   828 | D        | Entered arena 10.
   828 | D        | Noticed Visogilur the pandemonium lord
   828 | D        | Noticed Huic the pandemonium lord
   830 | D        | Noticed a large abomination
   830 | D        | HP: 14/83 [Visogilur the pandemonium lord/iron shot (53)]
   831 | D        | Noticed a tentacled monstrosity
   838 | D        | Reached **** piety under Zin
   838 | D        | Reached skill level 10 in Dodging
   839 | D        | Noticed a large abomination
   839 | D        | Noticed a tentacled monstrosity
   842 | D        | Reached skill level 9 in Short Blades
   842 | D        | Reached skill level 9 in Long Blades
   842 | D        | Reached skill level 9 in Axes
   842 | D        | Reached skill level 9 in Maces & Flails
   842 | D        | Reached skill level 9 in Polearms
   842 | D        | Reached skill level 9 in Staves
   842 | D        | Reached skill level 9 in Slings
   842 | D        | Reached skill level 9 in Bows
   842 | D        | Reached skill level 9 in Crossbows
   842 | D        | Reached skill level 9 in Throwing
   842 | D        | Reached skill level 9 in Armour
   842 | D        | Reached skill level 9 in Stealth
   842 | D        | Reached skill level 9 in Shields
   842 | D        | Reached skill level 11 in Unarmed Combat
   842 | D        | Reached skill level 9 in Evocations
   865 | D        | HP: 26/124 [tentacled monstrosity[Huic] (10)]
   869 | D        | Zin protects you from harm!
   870 | D        | HP: 6/83 [tentacled monstrosity[Huic] (7)]
   871 | D        | Demolished by Visogilur the pandemonium lord

Skill      XL: |  1  2  3  4  5  6  7  8  9 10 |
---------------+-------------------------------+-----
Fighting       | 5 6 7 8 9 |  9.3
Short Blades   | 4 5 7 8 9 |  9.0
Long Blades    | 4 5 7 8 9 |  9.0
Axes           | 4 5 7 8 9 |  9.0
Maces & Flails | 4 5 7 8 9 |  9.0
Polearms       | 4 5 7 8 9 |  9.0
Staves         | 4 5 7 8 9 |  9.0
Slings         | 4 5 7 8 9 |  9.0
Bows           | 4 5 7 8 9 |  9.0
Crossbows      | 4 5 7 8 9 |  9.0
Throwing       | 4 5 7 8 9 |  9.0
Armour         | 4 5 7 8 9 |  9.0
Dodging        | 6 7 8 9 10 | 10.0
Stealth        | 4 5 7 8 9 |  9.0
Shields        | 4 5 7 8 9 |  9.0
Unarmed Combat | 8 9 10 11 | 11.0
Spellcasting   | 7 8 9 10 | 10.2
Conjurations   | 3 4 5 6 7 |  7.5
Hexes          | 3 4 5 6 7 |  7.5
Charms         | 3 4 5 6 7 |  7.5
Summonings     | 3 4 5 6 7 |  7.5
Necromancy     | 3 4 5 6 7 |  7.5
Translocations | 3 4 5 6 7 |  7.5
Transmutations | 5 6 7 8 |  8.5
Fire Magic     | 3 4 5 6 7 |  7.5
Ice Magic      | 3 4 5 6 7 |  7.5
Air Magic      | 3 4 5 6 7 |  7.5
Earth Magic    | 3 4 5 6 7 |  7.5
Poison Magic   | 3 4 5 6 7 |  7.5
Invocations    | 5 6 7 9 |  9.8
Evocations     | 4 5 7 8 9 |  9.0

Action                   |  1- 3 |  4- 6 |  7- 9 | 10-12 || total
-------------------------+-------+-------+-------+-------++-------
Melee: Lance             |    13 |    16 |   161 |    67 ||   257
       Bite              |     3 |     2 |    27 |    17 ||    49
Invok: Recite            |       |       |     1 |     1 ||     2
       Vitalisation      |       |       |       |     1 ||     1
  Use: Potion            |     1 |     1 |       |     6 ||     8
Armor: Plate armour      |     7 |     3 |    58 |    37 ||   105
Dodge: Dodged            |       |     1 |    13 |    10 ||    24
Block: Shield            |    17 |    11 |   236 |   104 ||   368

Vault maps used:
D:        sprint_v

Table legend:
 A = Turns spent in this place as a percentage of turns spent in the entire game.
 B = Non-inter-level travel turns spent in this place as a percentage of non-inter-level travel turns spent in the entire game.
 C = Inter-level travel turns spent in this place as a percentage of turns spent in this place.
 D = Turns resting spent in this place as a percentage of non-inter-level travel turns spent in this place.
 E = Turns spent auto-exploring this place as a percentage of non-inter-level travel turns spent in this place.
 F = Non-inter-level travel turns spent in this place divided by the number of levels of this place that you've seen.
                   A       B       C       D       E      F
               +-------+-------+-------+-------+-------+----------------------
         Total | 100.0 | 100.0 |   0.0 |  16.6 |  18.6 | 871.0
       Dungeon | 100.0 | 100.0 |   0.0 |  16.6 |  18.6 | 871.0
               +-------+-------+-------+-------+-------+----------------------

Table legend:
 A = Kills in this place as a percentage of kills in entire the game.
 B = Kills by you in this place as a percentage of kills by you in the entire game.
 C = Kills by friends in this place as a percentage of kills by friends in the entire game.
 D = Other kills in this place as a percentage of other kills in the entire game.
 E = Experience gained in this place as a percentage of experience gained in the entire game.
 F = Experience gained in this place divided by the number of levels of this place that you have seen.
                   A       B       C       D       E      F
               +-------+-------+-------+-------+-------+----------------------
         Total | 100.0 | 100.0 |   N/A | 100.0 | 100.0 | 7175.0
       Dungeon | 100.0 | 100.0 |   N/A | 100.0 | 100.0 | 7175.0
               +-------+-------+-------+-------+-------+----------------------
